 Dungeon Crawl Stone Soup version 0.18.1-47-g9310371 (webtiles) character file.

4653 Firecrotchwizard the Basher (level 10, -2/97 HPs)
             Began as a Minotaur Berserker on June 15, 2016.
             Was a High Priest of Trog.
             Slain by a hippogriff (4 damage)
             ... on level 8 of the Dungeon.
             The game lasted 00:24:18 (8144 turns).

Firecrotchwizard the Basher (Minotaur Berserker)    Turns: 8144, Time: 00:24:19

Health: -2/97      AC:  6    Str: 22    XL:     10   Next: 20%
Magic:  9/9        EV: 10    Int:  0    God:    Trog [*****.]
Gold:   516        SH:  3    Dex: 16    Spells: 0 memorised, 9 levels left

rFire  . . .     SeeInvis +     Q - +1 trident of Noon {speed, MR++ Int-4 SInv Stlth+} (curse)
rCold  . . .     Gourm    .     u - +0 scale mail
rNeg   . . .     Faith    .     i - +0 buckler
rPois  .         Spirit   .     (helmet restricted)
rElec  .         Dismiss  .     (no cloak)
rCorr  .         Reflect  .     (no gloves)
SustAt .         Harm     .     (no boots)
MR     ++...                    J - amulet of regeneration
Stlth  +.........               F - ring of see invisible
                                E - +3 ring of dexterity

@: lethally poisoned (-2 -> -12), slowed, lost intelligence, drained, very slow,
very resistant to hostile enchantments, very unstealthy
A: retaliatory headbutt, horns 2
a: Berserk, Trog's Hand, Brothers in Arms, Burn Spellbooks, Renounce Religion


You were on level 8 of the Dungeon.
You worshipped Trog.
Trog was extremely pleased with you.
You were hungry.

You visited 1 branch of the dungeon, and saw 8 of its levels.
You also visited: Sewer.

You collected 516 gold pieces.

Inventory:

Hand Weapons
 a - a +0 mace
 l - a +3 flail of holy wrath
 w - a +0 flail
 C - a -2 mace
 L - a cursed -2 dire flail
 O - a +1 flail of freezing
 Q - the cursed +1 trident of Noon (weapon) {speed, MR++ Int-4 SInv Stlth+}
   (You took it off a centaur on level 8 of the Dungeon)

   Attacks with this weapon are significantly faster.
   It affects your intelligence (-4).
   It affects your resistance to hostile enchantments.
   It lets you see invisible.
   It makes you more stealthy.
   It has a curse placed upon it.
Armour
 b - a +0 animal skin
 i - a +0 buckler (worn)
 u - a +0 scale mail (worn)
 y - a +0 scale mail
 I - a cursed +0 ring mail
Jewellery
 v - a +6 amulet of reflection
 E - a +3 ring of dexterity (left hand)
 F - a ring of see invisible (right hand)
 J - an amulet of regeneration (around neck)
 K - a +5 ring of dexterity
 R - an uncursed amulet of inaccuracy
Scrolls
 f - a scroll of random uselessness {unknown}
 h - 4 scrolls of teleportation
 m - 2 scrolls of amnesia
 n - 5 scrolls of identify
 p - 2 scrolls of magic mapping
 P - 3 scrolls of remove curse
Potions
 d - 2 potions of degeneration {unknown}
 e - 2 potions of agility {unknown}
 g - a potion of resistance {unknown}
 k - 2 potions of heal wounds {unknown}
 o - 3 potions of might
 q - 2 potions of mutation {unknown}
 r - a potion of haste {unknown}
 s - a potion of cancellation {unknown}
 t - 3 potions of curing {unknown}
 x - a potion of brilliance {unknown}
 z - 3 potions of flight {unknown}
 A - 3 potions of lignification {unknown}
 B - 3 potions of ambrosia {unknown}
 G - a potion of magic {unknown}
Books
 D - a book of Annihilations

   Spells                             Type                      Level
   a - Poison Arrow                   Conjuration/Poison           6
   b - Chain Lightning                Conjuration/Air              8
   c - Lehudib's Crystal Spear        Conjuration/Earth            8
   d - Glaciate                       Conjuration/Ice              9
   e - Fire Storm                     Conjuration/Fire             9
   Trog disapproves of the use of such an item.
 H - a book of Beasts

   Spells                             Type                      Level
   a - Summon Butterflies             Summoning                    1
   b - Call Canine Familiar           Summoning                    3
   c - Summon Ice Beast               Ice/Summoning                4
   d - Summon Mana Viper              Hexes/Summoning              5
   e - Summon Hydra                   Summoning                    7
   Trog disapproves of the use of such an item.
 M - a book of Air

   Spells                             Type                      Level
   a - Shock                          Conjuration/Air              1
   b - Swiftness                      Charms/Air                   2
   c - Repel Missiles                 Charms/Air                   2
   d - Static Discharge               Conjuration/Air              3
   e - Lightning Bolt                 Conjuration/Air              5
   Trog disapproves of the use of such an item.
 N - a book of the Sky

   Spells                             Type                      Level
   a - Summon Lightning Spire         Summoning/Air                4
   b - Airstrike                      Air                          4
   c - Silence                        Hexes/Air                    5
   d - Deflect Missiles               Charms/Air                   6
   e - Conjure Ball Lightning         Conjuration/Air              6
   f - Tornado                        Air                          9
   Trog disapproves of the use of such an item.
Comestibles
 c - 3 bread rations
 j - 3 fruits


   Skills:
 + Level 12.1(11.1) Fighting
 + Level 13.2(12.2) Maces & Flails
 + Level 3.2(2.4) Armour
 - Level 2.4(1.6) Dodging


You had 9 spell levels left.
You didn't know any spells.

Dungeon Overview and Level Annotations

Branches:
Dungeon (8/15)             Temple (0/1) D:6
   Lair: D:8-11

Altars:
Gozag
Ru

Shops:
D:4 :   D:5 !   D:6 *


Innate Abilities, Weirdness & Mutations

You reflexively headbutt those who attack you in melee.
You have a pair of horns on your head.


Message History

The killer bee stings you.
* * * LOW HITPOINT WARNING * * *
You are more poisoned.
The killer bee poisons you! The hippogriff bites you.
* * * LOW HITPOINT WARNING * * *
The hippogriff barely misses you. You block the hippogriff's attack.
You block the killer bee's attack.
You miss the killer bee.
You headbutt the killer bee, but do no damage.
The killer bee is severely wounded.
You feel sick. You block the killer bee's attack.
The hippogriff bites you but does no damage.
The hippogriff pecks you.
* * * LOW HITPOINT WARNING * * *
The hippogriff barely misses you. The killer bee stings you!
* * * LOW HITPOINT WARNING * * *
You are more poisoned.
The killer bee poisons you! The hippogriff barely misses you. x2
The hippogriff claws you.
You die...

#.####.#######..........
##.####..###.............
#.....##.#...##..........
#####.##.#.# ###........
#..#.#.# #..........
##...#.####..........
##....##....#.?..>.#
...####.H......#..#.....
......y@......#...#.....
...######.......#.......
###.....####.##....
#....#....##.##....
####.####.##.##....
###......##.##....
#......#.##(####..
#.^....#.#..###...
#......#†.........


You could see a hippogriff and a killer bee.

Vanquished Creatures
  The ghost of ZappyNine the Covert, a novice GrAs (D:7)
  The ghost of Action013 the Carver, a novice FoFi of Okawaru (D:5)
  A wyvern (D:5)
  Sigmund (D:6)
  Eustachio (D:6)
  Edmund (D:4)
  An ice beast (D:6)
  A phantom (D:4)
  An orc warrior (D:6)
  3 centaurs
  2 ogres
  The ghost of gramatan the Digger, an amateur FoEE (D:3)
  A big kobold (Sewer)
  Blork the orc (D:6)
  5 giant frogs
  4 scorpions
  4 wights (D:8)
  8 killer bees (D:8)
  2 howler monkeys
  2 crimson imps
  2 hounds
  3 jellies
  A gnoll shaman (D:6)
  2 giant frog zombies
  2 centaur skeletons
  4 giant frog skeletons
  4 iguanas
  Natasha (twice) (D:3)
  An orc wizard (D:3)
  10 worker ants
  2 hound skeletons
  Robin (D:3)
  3 howler monkey zombies
  A worker ant zombie (D:8)
  A howler monkey skeleton (D:6)
  9 adders
  10 gnolls
  2 oozes (D:3)
  An adder skeleton (D:8)
  7 worms
  2 dart slugs
  8 giant geckos
  19 orcs
  7 giant cockroaches
  11 goblins
  5 hobgoblins
  27 jackals
  A quokka (D:5)
  3 ball pythons
  6 bats
  A giant cockroach zombie (D:3)
  4 giant newts
  A jackal zombie (D:8)
  14 kobolds
  13 rats
  A fungus (D:3)
233 creatures vanquished.

Notes
Turn   | Place    | Note
--------------------------------------------------------------
     0 | D:1      | Firecrotchwizard the Minotaur Berserker began the quest for the Orb.
     0 | D:1      | Reached XP level 1. HP: 19/19 MP: 0/0
   499 | D:1      | Reached XP level 2. HP: 26/26 MP: 1/1
   511 | D:1      | Reached skill level 4 in Maces & Flails
  1065 | D:2      | Reached ** piety under Trog
  1079 | D:2      | Reached XP level 3. HP: 28/31 MP: 2/2
  1148 | D:2      | Reached skill level 5 in Maces & Flails
  1425 | D:2      | Reached XP level 4. HP: 12/39 MP: 3/3
  2213 | D:2      | Reached skill level 6 in Maces & Flails
  2409 | D:2      | Found an opulent altar of Gozag.
  2816 | D:3      | Noticed Natasha
  2818 | D:3      | Reached *** piety under Trog
  2825 | D:3      | Killed Natasha
  2825 | D:3      | Reached XP level 5. HP: 39/46 MP: 4/4
  3000 | D:3      | Noticed gramatan's ghost (amateur FoEE)
  3006 | D:3      | Killed gramatan's ghost
  3006 | D:3      | Reached skill level 7 in Maces & Flails
  3026 | D:3      | Found a glowing drain.
  3030 | D:3      | Reached XP level 6. HP: 34/55 MP: 5/5
  3043 | Sewer    | Entered a sewer
  3232 | Sewer    | Reached skill level 5 in Fighting
  3380 | Sewer    | Found a white marble altar of Elyvilon.
  3493 | D:3      | Noticed Robin
  3502 | D:3      | Killed Robin
  3639 | D:3      | Found a sacrificial altar of Ru.
  3671 | D:3      | Noticed Natasha
  3679 | D:3      | Killed Natasha
  3838 | D:4      | Found Niuvat Niaso's Book Shop.
  3856 | D:4      | Reached **** piety under Trog
  3858 | D:4      | Reached skill level 8 in Maces & Flails
  3975 | D:4      | Reached XP level 7. HP: 54/62 MP: 6/6
  4334 | D:4      | Reached skill level 9 in Maces & Flails
  4724 | D:4      | Noticed Edmund
  4739 | D:4      | Killed Edmund
  4739 | D:4      | Reached XP level 8. HP: 39/73 MP: 7/7
  4803 | D:5      | Entered Level 5 of the Dungeon
  4936 | D:5      | Noticed Action013's ghost (novice FoFi)
  4951 | D:5      | Killed Action013's ghost
  4951 | D:5      | Reached skill level 10 in Maces & Flails
  5359 | D:5      | Found Busch's Distillery.
  5395 | D:5      | Reached skill level 11 in Maces & Flails
  5789 | D:6      | Found Kaupni's General Store.
  5823 | D:6      | Noticed Blork the orc
  5830 | D:6      | Reached XP level 9. HP: 85/85 MP: 8/8
  5836 | D:6      | Killed Blork the orc
  5905 | D:6      | Reached skill level 10 in Fighting
  5989 | D:6      | Noticed Eustachio
  5995 | D:6      | Received a gift from Trog
  6009 | D:6      | Killed Eustachio
  6164 | D:6      | Found a staircase to the Ecumenical Temple.
  6207 | D:6      | Noticed Sigmund
  6213 | D:6      | Killed Sigmund
  6524 | D:6      | Reached skill level 12 in Maces & Flails
  7130 | D:7      | Noticed ZappyNine's ghost (novice GrAs)
  7159 | D:7      | Killed ZappyNine's ghost
  7607 | D:8      | Reached ***** piety under Trog
  7607 | D:8      | Reached XP level 10. HP: 97/97 MP: 9/9
  7714 | D:8      | Reached skill level 13 in Maces & Flails
  7859 | D:8      | Got a steaming trident {speed}
  7946 | D:8      | Lost intelligence.
  7946 | D:8      | Identified the cursed +1 trident of Noon {speed, MR++ Int-4 SInv Stlth+} (You took it off a centaur on level 8 of the Dungeon)
  8144 | D:8      | HP: 2/97 [killer bee (7)]
  8144 | D:8      | Slain by a hippogriff

Skill      XL: |  1  2  3  4  5  6  7  8  9 10 |
---------------+-------------------------------+-----
Maces & Flails | 4 5 6 7 8 9 11 12 13 | 13.2
Fighting       | 4 5 7 9 11 12 | 12.1
Armour         | 3 |  3.2
Dodging        | |  2.4

Action                   |  1- 3 |  4- 6 |  7- 9 | 10-12 || total
-------------------------+-------+-------+-------+-------++-------
Melee: Mace              |    85 |    73 |   323 |    46 ||   527
       Headbutt          |    11 |    37 |    91 |    30 ||   169
       Flail             |       |   107 |    31 |       ||   138
       Trident           |       |       |       |    28 ||    28
Invok: Trog's Hand       |       |     2 |     5 |       ||     7
       Berserk           |       |     1 |     2 |     1 ||     4
  Use: Scroll            |       |     2 |     7 |     2 ||    11
  Eat: Chunk             |     1 |     8 |     7 |     1 ||    17
       Fruit             |     1 |       |     2 |       ||     3
       Pizza             |       |     1 |       |     1 ||     2
       Bread ration      |       |       |     1 |       ||     1
       Beef jerky        |       |       |     1 |       ||     1
Armor: Animal skin       |    18 |    12 |       |       ||    30
       Scale mail        |       |    65 |   110 |    30 ||   205
Dodge: Dodged            |    49 |   109 |   210 |    69 ||   437
Block: Other             |       |     2 |    64 |       ||    66
       Reflection        |       |       |     1 |       ||     1
       Buckler           |       |       |     1 |    13 ||    14
